 Dungeon Sprint DCSS version 0.26-a0-651-gb41185065b (webtiles) character file.

Game seed: 9119868924610401561

26 sahdkjhfkaj the Chopper (level 3, 0/35 HPs)
             Began as a Hill Orc Fighter on Sept 29, 2020.
             Slain by a centaur (7 damage)
             ... in the Dungeon (Sprint IX: "|||||||||||||||||||||||||||||").
             The game lasted 00:00:17 (137 turns).

sahdkjhfkaj the Chopper (Hill Orc Fighter)           Turns: 137, Time: 00:00:18

Health: 0/35       AC:  7    Str: 19    XL:     3   Next: 8%
Magic:  3/3        EV:  7    Int:  8    God:
Gold:   0          SH:  9    Dex: 10    Spells: 2/2 levels left

rFire    . . .     SeeInvis .   a - +0 war axe
rCold    . . .     Faith    .   c - +0 kite shield
rNeg     . . .     Spirit   .   b - +0 scale mail
rPois    .         Reflect  .   (no helmet)
rElec    .         Harm     .   (no cloak)
rCorr    .         Rampage  .   (no gloves)
MR       .....     NoTele   +   (no boots)
Stlth    ..........             (no amulet)
HPRegen  0.11/turn              (no ring)
MPRegen  0.08/turn              (no ring)

@: no status effects
A: no striking features
a: no special abilities


You were in the Dungeon.
You visited 1 branch

Inventory:

Hand Weapons
 a - a +0 war axe (weapon)
Armour
 b - a +0 scale mail (worn)
 c - a +0 kite shield (worn)
Scrolls
 j - a scroll of blinking
Potions
 d - a potion of might
 g - a potion of haste
 h - 2 potions of magic
 i - a potion of berserk rage


   Skills:
 + Level 4.8 Fighting
 * Level 5.5 Axes
 + Level 4.3 Armour
 + Level 4.3 Shields


You had 2 spell levels left.
You didn't know any spells.
Your spell library was empty.

Dungeon Overview and Level Annotations

Branches:
Dungeon (1/1)

Altars:


Message History

You barely miss the centaur.
The centaur is severely wounded.
The centaur completely misses you.
You feel much better. The centaur completely misses you. The centaur hits you.
You slash the centaur!
The centaur is almost dead.
You block the centaur's attack. The centaur hits you!
You barely miss the centaur.
The centaur is almost dead.
The centaur hits you. You block the centaur's attack.
You closely miss the centaur.
The centaur is almost dead.
The centaur hits you.
* * * LOW HITPOINT WARNING * * *
The centaur hits you but does no damage.
You completely miss the centaur.
The centaur is almost dead.
The centaur hits you but does no damage.
The centaur hits you!
You die...

▓+▓
▓.▓
▓.▓
▓o▓
▓s▓
▓c▓
▓@▓
▓(▓
▓.▓
▓.▓
▓.▓
▓.▓
▓)▓
▓.▓
▓.▓


You could see a centaur, an orc and a giant cockroach.

Vanquished Creatures
  2 adders (D)
  2 leopard geckos (D)
  A bat (D)
  A jackal (D)
  A kobold (D)
7 creatures vanquished.

Notes
Turn   | Place    | Note
-------+----------+-------------------------------------------
     0 | D        | sahdkjhfkaj the Hill Orc Fighter began the quest for the
                  | Orb.
     0 | D        | Reached XP level 1. HP: 19/19 MP: 1/1
     7 | D        | Reached skill level 3 in Axes
    23 | D        | Reached skill level 4 in Axes
    23 | D        | Reached XP level 2. HP: 19/27 MP: 2/2
   109 | D        | Noticed a centaur
   125 | D        | Reached skill level 5 in Axes
   125 | D        | Reached XP level 3. HP: 27/35 MP: 3/3
   137 | D        | Slain by a centaur

Illustrated notes

Levels and vault maps discovered:
D:        linesprint [early_d, line_temple, items_1, d_10, items_2, lair_1,
          lair_end, items_3, orc_1, orc_end, items_4, d_15, swamp_1, shoals_1,
          snake_1, spider_1, d_20, vaults_1, items_5, swamp_end, shoals_end,
          snake_end, spider_end, vaults_end, d_27, items_6, zot_1, zot_end,
          crypt_end, forest_end, elf_end, slime_end, tomb_end, abyss_end,
          pan_hell_end]

Skill      XL: |  1  2 |
---------------+-------+-----
Axes           | 4 5 |  5.5
Fighting       | 4 |  4.8
Armour         | 4 |  4.3
Shields        | 4 |  4.3

Action                   || total
-------------------------++-------
Melee: War axe           ||    46
  Use: Potion            ||     2
Armor: Scale mail        ||    19
Dodge: Dodged            ||    14
Block: Kite shield       ||    32

Table legend: (Time is in decaauts)
 A = Elapsed time spent in this place.
 B = Non-inter-level travel time spent in this place.
 C = Inter-level travel time spent in this place.
 D = Time resting spent in this place.
 E = Time spent auto-exploring this place.
 F = Levels seen in this place.
 G = Mean time per level.
                   A        B        C        D        E       F      G
               +--------+--------+--------+--------+--------+-----+--------+
         Total |    152 |    152 |      0 |      0 |     86 |   1 |  152.0 |
       Dungeon |    152 |    152 |      0 |      0 |     86 |   1 |  152.0 |
               +--------+--------+--------+--------+--------+-----+--------+

Top non-repeatable levels by time:
       D: 152 daAuts
